 Dungeon Crawl Stone Soup version 0.21-a0-496-g696f58f (webtiles) character file.

1201 kae the Conjurer (level 8, 0/45 HPs)
             Began as a Tengu Fire Elementalist on Nov 23, 2017.
             Killed by nerve-wracking pain
             ... invoked by an orc priest
              (14 damage)
             ... on level 6 of the Dungeon.
             The game lasted 00:09:31 (7220 turns).

kae the Conjurer (Tengu Fire Elementalist)          Turns: 7220, Time: 00:09:31

Health: 0/45       AC:  3    Str:  8    XL:     8   Next: 44%
Magic:  0/16       EV: 12    Int: 17    God:
Gold:   265        SH:  5    Dex: 18    Spells: 6/16 levels left

rFire    + + +     SeeInvis .   w - staff of fire
rCold    x . .     Gourm    +   g - +1 buckler
rNeg     . . .     Faith    .   a - +0 robe
rPois    .         Spirit   .   (helmet restricted)
rElec    .         Reflect  .   (no cloak)
rCorr    .         Harm     .   m - +0 pair of gloves
MR       .....                  (boots unavailable)
Stlth    ++........             x - amulet of the gourmand
HPRegen  0.15/turn              o - ring of fire
MPRegen  0.15/turn              (no ring)

@: very slightly contaminated, invisible
A: beak, talons 3, agile 1, fire resistance 1, able to fly 1
a: Fly


You were on level 6 of the Dungeon.
You were hungry.

You visited 1 branch of the dungeon, and saw 6 of its levels.

You collected 265 gold pieces.

Inventory:

Hand Weapons
 j - a +0 dagger
Armour
 a - a +0 robe (worn)
 g - a +1 buckler (worn)
 m - a +0 pair of gloves (worn)
Magical Staves
 w - an uncursed staff of fire (weapon)
Jewellery
 o - a ring of fire (left hand)
 x - an amulet of the gourmand (around neck)
Wands
 y - a wand of digging (16)
Scrolls
 d - a scroll of remove curse
 e - 2 scrolls of teleportation
 h - 3 scrolls of blinking
 q - 4 scrolls of identify
 u - a scroll of amnesia
Potions
 f - 3 potions of agility
 i - 2 potions of curing
 k - a potion of magic
 l - a potion of might
 s - 2 potions of resistance
Books
 b - a book of Flames

   Spells                             Type                      Level
   a - Flame Tongue                   Conjuration/Fire             1
   b - Throw Flame                    Conjuration/Fire             2
   c - Conjure Flame                  Conjuration/Fire             3
   d - Inner Flame                    Hexes/Fire                   3
   e - Sticky Flame                   Conjuration/Fire             4
   f - Fireball                       Conjuration/Fire             5
Comestibles
 c - 3 bread rations
 n - a royal jelly
 p - a meat ration
 v - 7 fruits


   Skills:
 + Level 2.5 Fighting
 + Level 2.9 Staves
 - Level 2.1 Dodging
 - Level 2.0 Stealth
 * Level 4.7 Spellcasting
 * Level 6.5 Conjurations
 * Level 6.2 Fire Magic
 + Level 2.6 Evocations


You had 6 spell levels left.
You knew the following spells:

 Your Spells              Type           Power        Failure   Level  Hunger
a - Flame Tongue          Conj/Fire      #####        1%          1    None
b - Throw Flame           Conj/Fire      ######       2%          2    #......
c - Conjure Flame         Conj/Fire      ######..     5%          3    ###....
d - Sticky Flame          Conj/Fire      ######..     17%         4    ####...


Dungeon Overview and Level Annotations

Branches:
Dungeon (6/15)
 Temple: D:4-7

Altars:
Ru

Shops:
D:4 %


Innate Abilities, Weirdness & Mutations

You have a beak for a mouth.
You have claws for feet.
You can fly.
You are agile. (Dex +2)
Your flesh is heat resistant. (rF+)


Message History

Press: ? - help, Shift-Dir - straight line, f/p - orc priest
Aim: an orc priest, wielding a dagger (lightly wounded)
You feel a strong surge of power!
The flame tongue hits the orc priest.
The orc priest is moderately wounded.
You block the orc priest's attack. The orc closely misses you.
You hit the orc priest but do no damage.
The orc priest is moderately wounded.
The orc priest closely misses you. The orc hits you but does no damage.
You catch the helpless orc priest completely off-guard!
You hit the orc priest.
The orc priest is heavily wounded.
You block the orc priest's attack. The orc misses you.
You hit the orc priest but do no damage.
You claw the orc priest, but do no damage.
You peck the orc priest.
The orc priest is heavily wounded.
You block the orc priest's attack. You block the orc's attack.
The orc priest invokes the aid of Beogh against you.
Pain shoots through your body!
You die...

#... # . ####... .##
..)# #.#....... ## ..#
##.#...#.# .##.#
###.#...#.# ....# #.
#.....## ###....# #.
#......###.o..#.#
#.####=..#...###o..###
#............o@.....#
###........[..###.....#
.[...........## #...##
#....<.(.#....# ...#
................ ...#
.#............... .....
###................
.... ....#............
.... ..................


You could see an orc priest and an orc.

Vanquished Creatures
  A sky beast (D:4)
  3 ogres
  A centaur (D:6)
  A scorpion (D:4)
  A water moccasin skeleton (D:5)
  3 howler monkeys
  A bullfrog zombie (D:6)
  A hound (D:5)
  A bullfrog skeleton (D:5)
  A centaur skeleton (D:4)
  5 orc wizards
  2 worker ants
  A howler monkey zombie (D:6)
  9 gnolls
  6 adders
  A worm (D:2)
  2 dart slugs (D:1)
  8 leopard geckos
  10 orcs
  3 ball pythons
  8 bats
  4 giant cockroaches
  6 goblins
  8 hobgoblins
  16 jackals
  10 kobolds
  3 frilled lizards
  5 rats
121 creatures vanquished.

Notes
Turn   | Place    | Note
-------+----------+-------------------------------------------
     0 | D:1      | kae the Tengu Fire Elementalist began the quest for the Orb.
     0 | D:1      | Reached XP level 1. HP: 10/10 MP: 4/4
   121 | D:1      | Reached XP level 2. HP: 5/15 MP: 0/6
   916 | D:1      | Reached XP level 3. HP: 19/19 MP: 7/7
  1342 | D:2      | Learned a level 2 spell: Throw Flame
  1346 | D:2      | Learned a level 3 spell: Conjure Flame
  2439 | D:2      | Reached XP level 4. HP: 24/24 MP: 9/9
  2913 | D:3      | Found a faded altar of an unknown god.
  3031 | D:3      | Gained mutation: You can fly. [Tengu growth]
  3031 | D:3      | Reached XP level 5. HP: 24/28 MP: 2/10
  3397 | D:3      | Noticed an ogre
  3405 | D:3      | Killed an ogre
  3405 | D:3      | Reached skill level 1 in Staves
  3405 | D:3      | Reached skill level 1 in Evocations
  3405 | D:3      | Reached XP level 6. HP: 33/33 MP: 0/12
  3843 | D:3      | Reached skill level 1 in Fighting
  3915 | D:3      | Reached skill level 5 in Fire Magic
  4683 | D:4      | Reached XP level 7. HP: 38/38 MP: 6/13
  4790 | D:4      | Reached skill level 5 in Conjurations
  5147 | D:4      | Gained mutation: Your flesh is heat resistant. (rF+) [potion of mutation]
  5147 | D:4      | Gained mutation: You are agile. (Dex +2) [potion of mutation]
  5335 | D:4      | Found Mieckah's Food Shop.
  5774 | D:4      | Learned a level 4 spell: Sticky Flame
  5966 | D:5      | Entered Level 5 of the Dungeon
  6249 | D:5      | Reached XP level 8. HP: 20/44 MP: 7/15
  6838 | D:5      | Found a sacrificial altar of Ru.
  7220 | D:6      | Killed from afar by an orc priest

Vault maps used:
D:1:      tarquinn_simple_flora_water_c, serial_glass, glass_columns_a,
          glass_columns_a
D:3:      chequers_ecumenical_altar_simple_redux
D:4:      serial_shops, kennysheep_little_box
D:5:      nicolae_overflow_hidden_temple, first_bread

Skill      XL: |  1  2  3  4  5  6  7  8 |
---------------+-------------------------+-----
Conjurations   | 2 3 4 5 6 |  6.5
Fire Magic     | 4 5 6 |  6.2
Spellcasting   | 3 4 |  4.7
Staves         | 1 2 |  2.9
Evocations     | 1 2 |  2.6
Fighting       | 1 2 |  2.5
Dodging        | |  2.1
Stealth        | |  2.0

Action                   |  1- 3 |  4- 6 |  7- 9 || total
-------------------------+-------+-------+-------++-------
Melee: Unarmed           |    40 |       |       ||    40
       Kick              |    13 |     6 |    10 ||    29
       Peck              |    10 |     4 |     7 ||    21
       Dagger            |    36 |    10 |       ||    46
       Staff             |       |    27 |    38 ||    65
 Cast: Flame Tongue      |    44 |    60 |    86 ||   190
       Conjure Flame     |       |     2 |     4 ||     6
       Throw Flame       |       |     7 |     8 ||    15
       Sticky Flame      |       |       |     1 ||     1
 Abil: Fly               |       |     4 |       ||     4
  Use: Scroll            |       |     6 |     5 ||    11
       Potion            |       |     4 |     8 ||    12
 Stab: Sleeping          |     3 |     4 |     1 ||     8
       Invisible         |       |       |     1 ||     1
  Eat: Chunk             |     5 |     9 |     7 ||    21
       Royal jelly       |       |       |     1 ||     1
Armor: Robe              |    18 |     6 |    12 ||    36
Dodge: Dodged            |    95 |    39 |    57 ||   191
Block: Buckler           |       |       |    31 ||    31

Table legend:
 A = Spawn XP
 B = Non-spawn XP
 C = Spawn XP percentage of total XP
 D = Spawn monster count
 E = Non-spawn monster count
 F = Spawn count percentage of total count
 G = Total turns spent on level
                    A         B        C        D         E        F      G
               +---------+---------+-------+---------+---------+-------+---------
         Total |       0 |    1716 |   0.0 |       0 |     121 |   0.0 |  7220
               +---------+---------+-------+---------+---------+-------+---------
           D:1 |       0 |      56 |   0.0 |       0 |      29 |   0.0 |  1976
           D:2 |       0 |      72 |   0.0 |       0 |      21 |   0.0 |  1104
           D:3 |       0 |     427 |   0.0 |       0 |      32 |   0.0 |  1391
           D:4 |       0 |     494 |   0.0 |       0 |      21 |   0.0 |  1495
           D:5 |       0 |     465 |   0.0 |       0 |      14 |   0.0 |  1137
           D:6 |       0 |     202 |   0.0 |       0 |       4 |   0.0 |   117
               +---------+---------+-------+---------+---------+-------+---------
